 Dungeon Crawl Stone Soup version 0.19-a0-27-g415f530 (webtiles) character file.

393 jyri the Slasher (level 6, -3/44 HPs)
             Began as a Demonspawn Gladiator on May 1, 2016.
             Was an Initiate of Makhleb.
             Slain by an orc wizard
             ... wielding a +0 dagger
              (4 damage)
             ... on level 5 of the Dungeon.
             The game lasted 00:35:10 (3886 turns).

jyri the Slasher (Demonspawn Gladiator)             Turns: 3886, Time: 00:35:10

Health: -3/44      AC:  8    Str: 17    XL:     6   Next: 51%
Magic:  0/7        EV: 10    Int:  9    God:    Makhleb [......]
Gold:   136        SH:  3    Dex: 16    Spells: 1 memorised, 4 levels left

rFire  . . .     SeeInvis .     a - +0 long sword
rCold  . . .     Gourm    .     e - +0 scale mail
rNeg   . . .     Faith    .     i - +0 buckler
rPois  .         Spirit   +     c - +0 helmet
rElec  .         Dismiss  .     x - +0 cloak
rCorr  .         Reflect  .     (no gloves)
SustAt .         Harm     .     (no boots)
MR     .....                    (no amulet)
Stlth  +.........               (no ring)
                                A - ring of flight

@: not resistant to hostile enchantments, very unstealthy
A: thin skeletal structure 1, magic shield
a: Renounce Religion, Evoke Flight


You were on level 5 of the Dungeon.
You worshipped Makhleb.
Makhleb was noncommittal.
You were not hungry.

You visited 1 branch of the dungeon, and saw 5 of its levels.

You collected 136 gold pieces.

Inventory:

Hand Weapons
 a - a +0 long sword (weapon)
 b - a +0 hunting sling
 l - a +2 whip of electrocution
 C - a +3 quarterstaff of chaos
Missiles
 d - 3 throwing nets (quivered)
 o - 166 stones
 v - 40 arrows
 y - 26 poisoned needles
Armour
 c - a +0 helmet (worn)
 e - a +0 scale mail (worn)
 i - a +0 buckler (worn)
 x - a +0 cloak (worn)
Jewellery
 A - a ring of flight (left hand)
Scrolls
 g - 2 scrolls of teleportation {unknown}
 j - 2 scrolls of enchant weapon {unknown}
 m - 2 scrolls of magic mapping {unknown}
 n - a scroll of enchant armour {unknown}
 p - 5 scrolls of remove curse {unknown}
 r - 3 scrolls of identify {unknown}
 B - a scroll of fear {unknown}
Potions
 f - a potion of berserk rage {unknown}
 k - 2 potions of curing
 q - a potion of resistance {unknown}
 u - a potion of cure mutation {unknown}
 w - 2 potions of haste {unknown}
 z - a potion of lignification {unknown}
Comestibles
 h - 3 meat rations
 s - a beef jerky
 t - a bread ration


   Skills:
 - Level 2.0 Fighting
 + Level 6.6 Long Blades
 - Level 1.7 Throwing
 - Level 2.6 Dodging
 + Level 1.5 Invocations


You had 4 spell levels left.
You knew the following spells:

 Your Spells              Type           Power        Failure   Level  Hunger
a - Apportation           Tloc           #.........   99%         1    ##.....


Dungeon Overview and Level Annotations

Branches:
Dungeon (5/15)
 Temple: D:4-7

Altars:
Cheibriados
Fedhas
Kikubaaqudgha
Makhleb
Pakellas
Qazlal
Ru
Sif Muna
Trog
Xom
Zin


Innate Abilities, Weirdness & Mutations

You have a somewhat thin skeletal structure (Dex +2, Stealth).
When hurt, damage is shared between your health and your magic reserves.


Message History

You barely miss something. Something hits you.
The orc priest invokes the aid of Beogh against you.
Pain shoots through your body!
* * * LOW HITPOINT WARNING * * *
You barely miss something. Something hits you but does no damage.
The orc priest calls down the wrath of Beogh upon you.
Beogh smites you!
* * * LOW HITPOINT WARNING * * *
You feel better. Something hits you.
* * * LOW HITPOINT WARNING * * *
The orc priest casts a cantrip, but nothing happens.
You miss something. Something hits you but does no damage.
You miss something.
Something hits you but does no damage. x2
You miss something.
The orc priest mumbles some strange prayers to Beogh against you.
Beogh smites you!
* * * LOW HITPOINT WARNING * * *
Something completely misses you.
You hit something but do no damage. Something hits you.
You die...

. ##...
#####....#
#o{@...#
#...))####...#
....##### ..#
## .


You could see an orc priest.

Vanquished Creatures
  A howler monkey (D:4)
  Crazy Yiuf (D:3)
  2 orc wizards (D:3)
  A centaur skeleton (D:4)
  Jessica (D:3)
  Robin (D:3)
  5 adders
  An adder zombie (D:4)
  2 worms
  5 giant geckos
  15 orcs
  A ball python (D:1)
  4 giant cockroaches
  14 goblins
  14 hobgoblins
  5 jackals (D:1)
  3 quokkas
  A ball python skeleton (D:4)
  5 bats
  3 giant newts
  12 kobolds
  A quokka skeleton (D:3)
  11 rats
  A plant (D:4)
110 creatures vanquished.

Vanquished Creatures (others)
  An orc wizard (D:5)
  A worm (D:3)
  A giant newt (D:3)
  A goblin (D:3)
4 creatures vanquished.

Grand Total: 114 creatures vanquished

Notes
Turn   | Place    | Note
--------------------------------------------------------------
     0 | D:1      | jyri the Demonspawn Gladiator began the quest for the Orb.
     0 | D:1      | Reached XP level 1. HP: 16/16 MP: 1/1
   106 | D:1      | Found a snail-covered altar of Cheibriados.
   130 | D:1      | Reached skill level 3 in Long Blades
   189 | D:1      | Gained mutation: When hurt, damage is shared between your health and your magic reserves. [demonic ancestry]
   189 | D:1      | Reached XP level 2. HP: 20/22 MP: 2/2
   550 | D:1      | Reached XP level 3. HP: 27/27 MP: 3/3
   782 | D:2      | Reached skill level 4 in Long Blades
  1069 | D:2      | Learned a level 1 spell: Apportation
  1125 | D:2      | Gained mutation: You have a somewhat thin skeletal structure (Dex +2, Stealth). [demonic ancestry]
  1125 | D:2      | Reached XP level 4. HP: 33/33 MP: 4/4
  1480 | D:2      | Found an ancient bone altar of Kikubaaqudgha.
  1782 | D:3      | Reached skill level 5 in Long Blades
  1874 | D:3      | Noticed Jessica
  1882 | D:3      | Killed Jessica
  1882 | D:3      | Reached XP level 5. HP: 36/38 MP: 3/5
  2138 | D:3      | Found a deep blue altar of Sif Muna.
  2234 | D:3      | Found a glowing silver altar of Zin.
  2234 | D:3      | Noticed an angel
  2236 | D:3      | Found a shimmering altar of Xom.
  2369 | D:3      | Noticed Robin
  2392 | D:3      | Killed Robin
  2681 | D:3      | Noticed Crazy Yiuf
  2693 | D:3      | Killed Crazy Yiuf
  2693 | D:3      | Reached skill level 6 in Long Blades
  3211 | D:4      | Reached XP level 6. HP: 44/44 MP: 6/6
  3246 | D:4      | Found a blossoming altar of Fedhas.
  3246 | D:4      | Found a stormy altar of Qazlal.
  3247 | D:4      | Found a bloodstained altar of Trog.
  3247 | D:4      | Found a burning altar of Makhleb.
  3248 | D:4      | Found an oddly glowing altar of Pakellas.
  3352 | D:4      | Became a worshipper of Makhleb the Destroyer
  3574 | D:4      | Reached skill level 1 in Invocations
  3804 | D:4      | Found a sacrificial altar of Ru.
  3849 | D:5      | Entered Level 5 of the Dungeon
  3885 | D:5      | HP: 1/44 [orc priest/divine providence (9)]
  3886 | D:5      | Slain by an orc wizard

Vault maps used:
D:1:      dpeg_arrival_more_subterranean_lakeside_camping, cheibriados_altar_1
D:2:      minmay_door_path, overflow_temple_1_default, serial_glass,
          glass_columns_b, glass_columns_a
D:3:      grunt_temple_overflow_order_and_chaos_1, led_sif_pool, uniq_jessica,
          uniq_crazy_yiuf_cottage, uniq_robin
D:4:      grunt_temple_overflow_open, nicolae_overflow_crystal_walls,
          grunt_ministairs_9, serial_bayou_lake_a
D:5:      serial_shops, nicolae_shop_waterfront, first_bread, led_xom_imps

Skill      XL: |  1  2  3  4  5  6 |
---------------+-------------------+-----
Long Blades    | 3 4 5 6 |  6.6
Invocations    | 1 |  1.5
Fighting       | |  2.0
Throwing       | |  1.7
Dodging        | |  2.6

Action                   |  1- 3 |  4- 6 || total
-------------------------+-------+-------++-------
Melee: Long sword        |   161 |   225 ||   386
 Fire: Hunting sling     |       |     1 ||     1
  Use: Potion            |       |     2 ||     2
  Eat: Chunk             |     1 |     6 ||     7
       Bread ration      |       |     1 ||     1
Armor: Scale mail        |    76 |    72 ||   148
Dodge: Dodged            |    77 |    81 ||   158
Block: Buckler           |    23 |    31 ||    54
